 Dungeon Crawl Stone Soup version 0.23.2 (webtiles) character file.

Game seed: 1173949984993724042

44 Darlok3d the Twirler (level 3, 0/28 HPs)
             Began as a Gnoll Wanderer on Apr 5, 2019.
             Succumbed to an adder's poison
             ... on level 2 of the Dungeon.
             The game lasted 00:03:19 (878 turns).

Darlok3d the Twirler (Gnoll Wanderer)                Turns: 878, Time: 00:03:20

Health: 0/28       AC:  5    Str: 13    XL:     3   Next: 60%
Magic:  7/7        EV: 13    Int: 17    God:
Gold:   42         SH:  0    Dex: 18    Spells: 6/7 levels left

rFire    + . .     SeeInvis .   a - +0 quarterstaff
rCold    + . .     Gourm    .   (shield currently unavailable)
rNeg     . . .     Faith    .   c - +2 leather armour
rPois    +         Spirit   .   (no helmet)
rElec    +         Reflect  .   (no cloak)
rCorr    +         Harm     .   (no gloves)
MR       .....                  (no boots)
Stlth    ++........             (no amulet)
HPRegen  0.09/turn              (no ring)
MPRegen  0.10/turn              (no ring)

@: brilliant, lethally poisoned (0 -> -3), resistant, flying, very slightly
contaminated, hasted, very quick
A: distributed training, fangs 1, agile 1, sense surroundings 1, weak 1, strong
nose
a: no special abilities


You were on level 2 of the Dungeon.
You were not hungry.

You visited 1 branch of the dungeon, and saw 2 of its levels.

You collected 42 gold pieces.

Inventory:

Hand Weapons
 a - a +0 quarterstaff (weapon)
Armour
 c - a +2 leather armour (worn)
Scrolls
 e - 2 scrolls of identify {unknown}
 i - a scroll of teleportation {unknown}
 j - 2 scrolls of remove curse {unknown}
Comestibles
 d - 3 rations


   Skills:
 + Level 2.6 Fighting
 + Level 0.8 Short Blades
 + Level 0.8 Long Blades
 + Level 0.8 Axes
 + Level 0.8 Maces & Flails
 + Level 0.8 Polearms
 + Level 6.5 Staves
 + Level 0.8 Slings
 + Level 0.8 Bows
 + Level 0.8 Crossbows
 + Level 0.8 Throwing
 + Level 0.8 Armour
 + Level 2.6 Dodging
 + Level 2.4 Stealth
 + Level 2.6 Shields
 + Level 0.8 Unarmed Combat
 + Level 2.8 Spellcasting
 + Level 0.5 Conjurations
 + Level 0.5 Hexes
 + Level 0.5 Charms
 + Level 3.7 Summonings
 + Level 0.5 Necromancy
 + Level 0.5 Translocations
 + Level 0.5 Transmutations
 + Level 0.5 Fire Magic
 + Level 0.5 Ice Magic
 + Level 0.5 Air Magic
 + Level 0.5 Earth Magic
 + Level 0.5 Poison Magic
 + Level 1.0 Invocations
 + Level 0.8 Evocations


You had 6 spell levels left.
You knew the following spells:

 Your Spells              Type           Power        Failure   Level  Hunger
a - Infusion              Chrm           ##..         2%          1    #......

Your spell library contained the following spells:

 Spells                   Type           Power        Failure   Level  Hunger
 Regeneration             Chrm/Necr      ##........   6%          3    ###....


Dungeon Overview and Level Annotations

Branches:
Dungeon (2/15)

Altars:


Innate Abilities, Weirdness & Mutations

Your experience applies equally to all skills.
You have very sharp teeth.
Your uncanny sense of smell can sniff out nearby items.
You are agile. (Dex +2)
You passively map a small area around you.
You are weak. (Str -2)


Message History

* * * LOW HITPOINT WARNING * * *
You feel sick. The gnoll completely misses you.
You barely miss the gnoll. The gnoll closely misses you.
You hit the gnoll but do no damage. You bite the gnoll, but do no damage.
A gnoll comes into view. It is wielding a +0 halberd.
The gnoll shouts!
You hit the gnoll.
The gnoll is heavily wounded.
The gnoll closely misses you.
You barely miss the gnoll.
The gnoll is heavily wounded.
* * * LOW HITPOINT WARNING * * *
You feel sick. The gnoll misses you.
You hit the gnoll but do no damage.
The gnoll is heavily wounded.
A gnoll comes into view. It is wielding a +0 flail.
You sock the gnoll!
You kill the gnoll!
Your Invocations skill increases to level 1!
You die...

..###* .##....
#...##....... ,
###..........
........†.# , #..
#g#, , , ,
.###..##)#,,*
.#.?.......## ,
......##.#....#.####
,, #..#..#
##@........ ,#......
*##.#....... ,
#......###..###.##..
* ........#..## ...
. #....#.....#* #...
, #.....#..#.# ,...
, * #.....<....# ..,
, #......#....... ,
* #..............


You could see a gnoll.

Vanquished Creatures
  A gnoll (D:2)
  An adder (D:2)
  A worm (D:2)
  A dart slug (D:1)
  4 bats (D:1)
  2 goblins (D:1)
  3 hobgoblins
  A ball python (D:1)
  4 kobolds (D:1)
  5 rats (D:1)
23 creatures vanquished.

Notes
Turn   | Place    | Note
-------+----------+-------------------------------------------
     0 | D:1      | Darlok3d the Gnoll Wanderer began the quest for the Orb.
     0 | D:1      | Darlok3d set off with the following items: a +0
                  | quarterstaff, a +2 leather armour, a ration; and the
                  | following spell memorised: Infusion; and the following
                  | spells available to memorise: Regeneration
     0 | D:1      | Reached XP level 1. HP: 17/17 MP: 4/4
   134 | D:1      | Reached XP level 2. HP: 23/23 MP: 0/5
   849 | D:2      | Reached XP level 3. HP: 13/28 MP: 7/7
   862 | D:2      | Gained mutation: You are agile. (Dex +2) [potion of
                  | mutation]
   862 | D:2      | Gained mutation: You are weak. (Str -2) [potion of
                  | mutation]
   862 | D:2      | Gained mutation: You passively map a small area around you.
                  | [potion of mutation]
   869 | D:2      | HP: 1/28 [poisoned by an adder]
   875 | D:2      | Reached skill level 1 in Invocations
   878 | D:2      | Succumbed to an adder's poison

Skill      XL: |  1  2  3 |
---------------+----------+-----
Invocations    | 1 |  1.0
Fighting       | |  2.6
Short Blades   | |  0.8
Long Blades    | |  0.8
Axes           | |  0.8
Maces & Flails | |  0.8
Polearms       | |  0.8
Staves         | |  6.5
Slings         | |  0.8
Bows           | |  0.8
Crossbows      | |  0.8
Throwing       | |  0.8
Armour         | |  0.8
Dodging        | |  2.6
Stealth        | |  2.4
Shields        | |  2.6
Unarmed Combat | |  0.8
Spellcasting   | |  2.8
Conjurations   | |  0.5
Hexes          | |  0.5
Charms         | |  0.5
Summonings     | |  3.7
Necromancy     | |  0.5
Translocations | |  0.5
Transmutations | |  0.5
Fire Magic     | |  0.5
Ice Magic      | |  0.5
Air Magic      | |  0.5
Earth Magic    | |  0.5
Poison Magic   | |  0.5
Evocations     | |  0.8

Action                   || total
-------------------------++-------
Melee: Quarterstaff      ||    81
       Bite              ||     9
 Cast: Infusion          ||     1
  Use: Potion            ||     5
 Stab: Sleeping          ||     2
Armor: Leather armour    ||    21
Dodge: Dodged            ||    54
